 Dungeon Crawl Stone Soup version 0.29.0-4-gdea44cf6ec (webtiles) character file.

Game seed: 14866059968490893668

3 qw the Sneak (level 1, -4/14 HPs)
             Began as a Gargoyle Delver on Sept 10, 2022.
             Slain by a yak (9 damage)
             ... on level 5 of the Dungeon.
             The game lasted 00:00:04 (220 turns).

qw the Sneak (Gargoyle Delver)                       Turns: 220, Time: 00:00:04

Health: -4/14      AC:  5    Str: 15    XL:     1   Next: 50%
Magic:  1/1        EV: 11    Int: 10    God:
Gold:   11         SH:  0    Dex: 11    Spells: 0/0 levels left

rFire   . . .      SeeInvis .   a - +0 hand axe
rCold   . . .      Faith    .   (no shield)
rNeg    + . .      Spirit   .   b - +0 leather armour
rPois   inf        Reflect  .   (no helmet)
rElec   +          Harm     .   (no cloak)
rCorr   .          Rampage  .   (no gloves)
Will    .....                   (no boots)
Stlth   +++.......              (no amulet)
HPRegen 0.04/turn               (no ring)
MPRegen 0.07/turn               (no ring)

@: no status effects
A: sickness immunity, AC +2, negative energy resistance 1, electricity
resistance, torment resistance 1, petrification resistance
a: no special abilities


You were on level 5 of the Dungeon.
You visited 1 branch of the dungeon, and saw 1 of its levels.

You collected 11 gold pieces.


Innate Abilities, Weirdness & Mutations

You are immune to sickness and miasma.
Your stone body is resilient. (AC +2)
You are immune to poison.
You resist negative energy. (rN+)
You are resistant to electric shocks. (rElec)
You are resistant to unholy torment.
You are immune to petrification.


   Skills:
 - Level 3.2 Fighting
 + Level 2.1 Axes
 - Level 1.5 Dodging
 - Level 5.4 Stealth


You couldn't memorise any spells.
You didn't know any spells.
Your spell library was empty.

Inventory:

Hand Weapons
 a - a +0 hand axe (weapon)
Armour
 b - a +0 leather armour (worn)
Wands
 g - a wand of digging (3)
Scrolls
 c - a scroll of fog
 d - a scroll of magic mapping
 e - a scroll of fear
Potions
 f - a potion of haste
 h - a potion of curing {unknown}

Dungeon Overview and Level Annotations

Branches:
Dungeon (5/15)
 Temple: D:4-7

Altars:


Message History

The worm is severely wounded.
You hit the worm.
The worm is almost dead.
The worm bites you but does no damage.
You hit the worm.
The worm is almost dead.
The worm barely misses you.
You hit the worm.
You kill the worm!
Your Axes skill increases to level 2!
You start resting.
HP restored.
Found 3 stones.
h - a red potion
Found a stone staircase leading down.
You now have 11 gold pieces.
Found an escape hatch in the ceiling.
There is a stone staircase leading down here.
A yak comes into view.
The yak bellows!
You hear a bellow!
A yak comes into view. x2
212 ||| Stepping ~*~*~tactically~*~*~ (stealth).
213 ||| Stepping ~*~*~tactically~*~*~ (stealth).
There is a stone staircase leading down here.
You hit the yak but do no damage.
A yak comes into view.
The yak misses you.
You barely miss the yak. The yak gores you!
Ouch! That really hurt!
A yak comes into view.
You completely miss the yak.
A yak comes into view.
The yak barely misses you.
The yak bellows! x2
You hit the yak. You punch the yak, but do no damage.
The yak is lightly wounded.
The yak gores you!
Ouch! That really hurt!
You die...

.#...#..#. ........#..## #
#...Y....... ..
..Y##...... ...
...Y......###....
~~.........#......<.......
~..........#....Y.........
~...............Y.........
~...............@##..#..##
#...............# #.#
##...........(..# ..#
##...............######
#............##...#.#
..#...%.....###....##
###.........###.####
#...............##
..............##.#


You could see 5 yaks.

Vanquished Creatures
  A worm (D:5)
1 creature vanquished.

Notes
Turn   | Place    | Note
-------+----------+-------------------------------------------
     0 | D:5      | qw the Gargoyle Delver began the quest for the Orb.
     0 | D:5      | Reached XP level 1. HP: 14/14 MP: 1/1
     0 | D:5      | 0 ||| qw: Version: 0.1-a-116-g5d60599
     0 | D:5      | 0 ||| qw: Game counter: 8161
     0 | D:5      | 0 ||| qw: Always use a shield: true
     0 | D:5      | 0 ||| qw: God list: Okawaru
     0 | D:5      | 0 ||| qw: Allow faded altars: false
     0 | D:5      | 0 ||| qw: Do Orc after D:15 true
     0 | D:5      | 0 ||| qw: Do second Lair branch before Depths: true
     0 | D:5      | 0 ||| qw: Lair rune preference: random
     0 | D:5      | 0 ||| qw: Plans: Normal
     0 | D:5      | 0 ||| PLANNING D:1-11
   207 | D:5      | Noticed a yak
   211 | D:5      | Noticed a yak
   211 | D:5      | Noticed a yak
   212 | D:5      | 212 ||| Stepping ~*~*~tactically~*~*~ (stealth).
   213 | D:5      | 213 ||| Stepping ~*~*~tactically~*~*~ (stealth).
   217 | D:5      | Noticed a yak
   218 | D:5      | Noticed a yak
   219 | D:5      | Noticed a yak
   220 | D:5      | Slain by a yak

Levels and vault maps discovered:
D:5:      wander_river, layout_layer_cave, ebering_ghost_sewer_d,
          hangedman_decor_push

Skill      XL: |  1 |
---------------+----+-----
Axes           | 2 |  2.1
Fighting       | |  3.2
Dodging        | |  1.5
Stealth        | |  5.4

Action                   || total
-------------------------++-------
Melee: Hand axe          ||    16
       Punch             ||     1
Armor: Leather armour    ||     3
Dodge: Dodged            ||     5

Table legend:
 A = Non-vault XP
 B = Vault XP
 C = Vault XP percentage of total XP
 D = Non-vault monster count
 E = Vault monster count
 F = Vault count percentage of total count
                 A         B        C        D         E       F
            +---------+---------+-------+---------+---------+-------
      Total |       5 |       0 |   0.0 |       1 |       0 |   0.0
            +---------+---------+-------+---------+---------+-------
        D:5 |       5 |       0 |   0.0 |       1 |       0 |   0.0
            +---------+---------+-------+---------+---------+-------
